 Dungeon Crawl Stone Soup version 0.21-a0-351-g38363bb (webtiles) character file.

3321 nikopol the Blocker (level 10, 0/60 HPs)
             Began as a Gargoyle Fighter on Oct 9, 2017.
             Slain by a hog (7 damage)
             ... on level 7 of the Dungeon.
             The game lasted 00:13:05 (6138 turns).

nikopol the Blocker (Gargoyle Fighter)              Turns: 6138, Time: 00:13:06

Health: 0/60       AC: 19    Str: 25    XL:     10   Next: 2%
Magic:  10/10      EV: 10    Int: 10    God:
Gold:   394        SH: 18    Dex:  9    Spells: 9/9 levels left

rFire    . . .     SeeInvis .   L - +10 flail of Doom {flame, Str+3}
rCold    . . .     Gourm    .   c - +1 shield
rNeg     + . .     Faith    .   b - +0 scale mail
rPois    ∞         Spirit   .   (no helmet)
rElec    +         Reflect  +   D - +0 cloak
rCorr    .         Harm     .   q - +2 pair of gloves
MR       .....                  (no boots)
Stlth    ..........             r - +6 amulet of reflection
HPRegen  0.20/turn              (no ring)
MPRegen  0.12/turn              (no ring)

@: no status effects
A: negative energy resistance 1, electricity resistance, unbreathing,
petrification resistance, rot immunity, AC +7
a: no special abilities


You were on level 7 of the Dungeon.
You were not hungry.

You visited 1 branch of the dungeon, and saw 7 of its levels.
You also visited: Sewer.

You collected 394 gold pieces.

Inventory:

Hand Weapons
 a - a +0 trident
 J - a +1 flail of crushing
 L - the +10 flail of Doom (weapon) {flame, Str+3}
   (You found it on level 7 of the Dungeon)

   It has been specially enchanted to burn those struck by it, causing extra
   injury to most foes and up to half again as much damage against particularly
   susceptible opponents.
   It affects your strength (+3).
Missiles
 z - 5 tomahawks (quivered)
Armour
 b - a +0 scale mail (worn)
 c - a +1 shield (worn)
 q - a +2 pair of gloves (worn)
 D - a +0 cloak (worn)
Jewellery
 r - a +6 amulet of reflection (around neck)
 u - a +2 ring of dexterity {unknown}
Wands
 m - a wand of polymorph (16/24)
 x - a wand of flame (27/48)
 y - a wand of random effects (31/48)
 B - a wand of random effects (29/48)
Scrolls
 e - 2 scrolls of fear
 h - 7 scrolls of identify
 n - 3 scrolls of enchant armour
 o - 3 scrolls of magic mapping {unknown}
 p - a scroll of random uselessness {unknown}
 s - 6 scrolls of recharging {unknown}
 t - 2 scrolls of teleportation
 w - 6 scrolls of blinking {unknown}
 A - a scroll of brand weapon {unknown}
 C - 4 scrolls of remove curse
 E - a scroll of enchant weapon {unknown}
 H - 2 scrolls of fog {unknown}
Potions
 d - 4 potions of might
 i - 2 potions of magic
 k - a potion of haste {unknown}
 l - 2 potions of heal wounds {unknown}
 F - 2 potions of curing {unknown}
 G - 2 potions of lignification {unknown}
 K - a potion of brilliance {unknown}
Books
 v - a book of Conjurations

   Spells                             Type                      Level
   a - Magic Dart                     Conjuration                  1
   b - Searing Ray                    Conjuration                  2
   c - Dazzling Spray                 Conjuration/Hexes            3
   d - Fulminant Prism                Conjuration/Hexes            4
   e - Force Lance                    Conjuration/Translocation    4
   f - Iskenderun's Mystic Blast      Conjuration                  4
Comestibles
 f - 5 bread rations
 g - 4 meat rations
 j - 2 royal jellies


   Skills:
 + Level 5.9 Fighting
 + Level 1.2 Maces & Flails
 + Level 8.1 Polearms
 + Level 5.8 Armour
 + Level 3.0 Dodging
 + Level 1.0 Stealth
 + Level 9.0 Shields


You had 9 spell levels left.
You didn't know any spells.

Dungeon Overview and Level Annotations

Branches:
Dungeon (7/15)
 Temple: D:4-7

Altars:
Ru
Vehumet

Annotations:
D:6 Duvessa, Sigmund


Innate Abilities, Weirdness & Mutations

You are resistant to torment.
Your stone body is resilient. (AC +7)
You are immune to poison.
You resist negative energy. (rN+)
You are resistant to electric shocks. (rElec)
You can survive without breathing.
You are immune to petrification.
You are immune to rotting.


Message History

The hog barely misses you. You block the hog's attack. x2
The hog bites you but does no damage.
You sock the hog! You burn the hog.
You kill the hog!
Your Maces & Flails skill increases to level 1!
Your Dodging skill increases to level 3!
Your Shields skill increases to level 9!
You have reached level 10!
The hog barely misses you. You block the hog's attack.
The hog bites you but does no damage. You block the hog's attack.
You barely miss the hog. You block the hog's attack. x2
The hog bites you but does no damage. The hog closely misses you.
You sock the hog! You burn the hog.
The hog is heavily wounded.
You block the hog's attack. x2; The hog bites you.
* * * LOW HITPOINT WARNING * * *
You hit the hog. You burn the hog.
The hog is severely wounded.
The hog bites you!
You die...

...## #..............# #.#
..#####........####### #
....##.#####...#%%#..#
###....# #####%.#..# #
####.## ##.#..'..#
#..#####..#).#..# .#
##........#..#..# ...#
##....#...#h####### #.[.. #
##....##...h@†##...###.....
##
#....####....###....#......
.####....#
#....#####..........
.........#
#.###...#...........
.........###.#
##..............
..........#..#
##..###........
...##.......## #..###..[..##.
.#####.#....######..##.....##
.####...............#.....##


You could see 2 hogs.

Vanquished Creatures
  A centaur zombie (D:7)
  A human (D:7)
  2 hogs (D:7)
  Menkaure (D:4)
  The ghost of nikopol the Shield-Bearer, an amateur GrFi (D:3)
  Edmund (D:6)
  An ice beast (D:6)
  A phantom (D:6)
  A necrophage (D:5)
  3 centaurs
  An ogre (D:4)
  3 bullfrogs
  3 scorpions
  Dowan (D:6)
  An electric eel (D:6)
  A bullfrog zombie (D:5)
  3 orc wizards
  6 hounds
  A jelly (D:5)
  2 orc priests
  A bullfrog skeleton (D:7)
  2 centaur skeletons
  Terence (D:2)
  Natasha (thrice) (D:3)
  2 iguanas
  A worker ant (D:5)
  4 gnolls (D:4)
  10 adders
  A river rat (D:3)
  A shadow imp (D:6)
  An ooze (D:1)
  An adder skeleton (D:4)
  An adder zombie (D:5)
  2 worms (D:2)
  3 dart slugs
  4 leopard geckos
  17 orcs
  5 giant cockroaches
  9 goblins
  9 hobgoblins
  20 jackals
  11 kobolds
  A quokka (D:3)
  3 ball pythons (Sewer)
  A ball python skeleton (D:5)
  6 bats
  11 frilled lizards
  2 jackal skeletons
  A quokka skeleton (D:7)
  A quokka zombie (D:5)
  9 rats
  3 plants (Sewer)
182 creatures vanquished.

Vanquished Creatures (others)
  A kobold (D:3)
1 creature vanquished.

Grand Total: 183 creatures vanquished

Notes
Turn   | Place    | Note
-------+----------+-------------------------------------------
     0 | D:1      | nikopol the Gargoyle Fighter began the quest for the Orb.
     0 | D:1      | Reached XP level 1. HP: 14/14 MP: 1/1
    63 | D:1      | Reached XP level 2. HP: 19/19 MP: 2/2
   325 | D:1      | Reached XP level 3. HP: 15/24 MP: 3/3
   752 | D:2      | Noticed Terence
   770 | D:2      | Killed Terence
   770 | D:2      | Reached XP level 4. HP: 27/29 MP: 4/4
  1330 | D:3      | Reached XP level 5. HP: 33/33 MP: 5/5
  1396 | D:3      | Noticed Natasha
  1403 | D:3      | Killed Natasha
  1428 | D:3      | Noticed Natasha
  1434 | D:3      | Killed Natasha
  1450 | D:3      | Found a radiant altar of Vehumet.
  1536 | D:3      | Noticed Natasha
  1542 | D:3      | Killed Natasha
  1660 | D:3      | Reached skill level 4 in Shields
  1808 | D:3      | Found a glowing drain.
  1813 | D:3      | Reached XP level 6. HP: 39/39 MP: 6/6
  1822 | Sewer    | Entered a sewer
  2576 | D:3      | Noticed nikopol's ghost (amateur GrFi)
  2588 | D:3      | Killed nikopol's ghost
  2588 | D:3      | Reached skill level 1 in Dodging
  2728 | D:4      | Reached XP level 7. HP: 28/44 MP: 7/7
  2911 | D:4      | Noticed Menkaure
  2922 | D:4      | Killed Menkaure
  2922 | D:4      | Reached skill level 5 in Polearms
  2922 | D:4      | Reached skill level 5 in Shields
  3833 | D:5      | Entered Level 5 of the Dungeon
  3876 | D:5      | Found a sacrificial altar of Ru.
  3982 | D:5      | Reached XP level 8. HP: 41/48 MP: 8/8
  4037 | D:5      | Reached skill level 6 in Shields
  4605 | D:6      | Reached skill level 5 in Fighting
  4657 | D:6      | Reached skill level 7 in Shields
  4678 | D:6      | Reached skill level 5 in Armour
  4910 | D:6      | Reached XP level 9. HP: 22/54 MP: 9/9
  5412 | D:6      | Noticed Duvessa
  5413 | D:6      | Noticed Dowan
  5415 | D:6      | Noticed Sigmund
  5422 | D:6      | Noticed Edmund
  5426 | D:6      | Killed Dowan
  5517 | D:6      | Killed Edmund
  5721 | D:7      | Reached skill level 8 in Shields
  5737 | D:7      | Reached skill level 1 in Stealth
  6037 | D:7      | Got a bloodstained flail
  6038 | D:7      | Identified the +10 flail of Doom {flame, Str+3} (You found it on level 7 of the Dungeon)
  6135 | D:7      | Reached skill level 1 in Maces & Flails
  6135 | D:7      | Reached skill level 9 in Shields
  6135 | D:7      | Reached XP level 10. HP: 11/60 MP: 10/10
  6138 | D:7      | Slain by a hog

Vault maps used:
D:1:      dpeg_arrival_tiny_i
D:2:      uniq_terence
D:3:      first_bread, portal_sewer_entry_b, roderic_nine_men_s_morris,
          lemuel_tele_altar, uniq_natasha
D:4:      uniq_menkaure
D:5:      nicolae_ru_sacrificial_ziggurat
D:6:      minivault_14, kennysheep_big_empty_room, sigmund_edmund_badplayer,
          uniq_duvessa
D:7:      cheibrodos_grave_circle, temple_green, grunt_livestock
Sewer:    sewer_co_scattered_pipes

Skill      XL: |  1  2  3  4  5  6  7  8  9 |
---------------+----------------------------+-----
Polearms       | 2 3 4 5 6 8 |  8.1
Armour         | 4 5 |  5.8
Fighting       | 4 5 |  5.9
Shields        | 4 5 7 9 |  9.0
Dodging        | 1 3 |  3.0
Stealth        | 1 |  1.0
Maces & Flails | 1 |  1.2

Action                   |  1- 3 |  4- 6 |  7- 9 | 10-12 || total
-------------------------+-------+-------+-------+-------++-------
Melee: Trident           |   100 |   394 |   471 |       ||   965
       Unarmed           |       |     2 |       |       ||     2
       Flail             |       |       |    19 |     3 ||    22
  Use: Scroll            |       |     6 |       |       ||     6
       Potion            |       |     1 |       |       ||     1
  Eat: Chunk             |       |     6 |    13 |       ||    19
Armor: Scale mail        |    53 |   149 |   155 |     2 ||   359
Dodge: Dodged            |    27 |    88 |    98 |     2 ||   215
Block: Shield            |    56 |   229 |   407 |     6 ||   698
       Reflection        |       |     5 |     8 |       ||    13

Table legend:
 A = Spawn XP
 B = Non-spawn XP
 C = Spawn XP percentage of total XP
 D = Spawn monster count
 E = Non-spawn monster count
 F = Spawn count percentage of total count
 G = Total turns spent on level
                    A         B        C        D         E        F      G
               +---------+---------+-------+---------+---------+-------+---------
         Total |       0 |    4745 |   0.0 |       0 |     179 |   0.0 |  6138
               +---------+---------+-------+---------+---------+-------+---------
           D:1 |       0 |      51 |   0.0 |       0 |      27 |   0.0 |   747
           D:2 |       0 |     111 |   0.0 |       0 |      25 |   0.0 |   580
           D:3 |       0 |     321 |   0.0 |       0 |      25 |   0.0 |   681
           D:4 |       0 |     548 |   0.0 |       0 |      22 |   0.0 |  1118
           D:5 |       0 |     535 |   0.0 |       0 |      17 |   0.0 |   651
           D:6 |       0 |    1086 |   0.0 |       0 |      21 |   0.0 |  1174
           D:7 |       0 |    2037 |   0.0 |       0 |      22 |   0.0 |   480
         Sewer |       0 |      56 |   0.0 |       0 |      20 |   0.0 |   707
               +---------+---------+-------+---------+---------+-------+---------
